Map: Frozen Temple

Players

LurkingLarva - Winner!

  • Race: Terran Terran
  • League: Master

dabs

  • Race: Protoss Protoss
  • League: Diamond

VOD

Have the link to the VOD?

Description

Time

  • Played on: Aug. 2, 2016, 2:58 p.m.
  • Length: 8:50
Show
View Real Time Build Order
Export as new Build Order

LurkingLarva Terran - Winner!

Build Orders: Reaper Expand, MMM Bio 

Get SALT Encoding   

  12  0:01  SCV  
  13  0:13  SCV  
  14  0:18  Supply Depot  
  14  0:25  SCV  
  15  0:40  SCV, Barracks  
  16  0:46  Refinery  
  16  0:52  SCV  
  17  1:04  SCV  
  18  1:16  SCV  
  19  1:28  Orbital Command  
  19  1:30  Reaper  
  20  1:45  Command Center  
  20  1:54  SCV  
  21  2:01  Supply Depot  
  21  2:03  Barracks Reactor  
  21  2:06  SCV  
  22  2:18  SCV  
  23  2:29  Factory  
  23  2:30  SCV  
  24  2:42  SCV  
  25  2:45  Marine x2  
  27  2:54  SCV  
  27  2:57  Orbital Command  
  28  3:05  Command Center  
  28  3:06  SCV  
  28  3:08  Marine x2  
  31  3:17  Refinery  
  31  3:18  SCV, Factory Tech Lab  
  32  3:26  SCV  
  33  3:29  Marine x2  
  33  3:30  SCV  
  36  3:38  SCV  
  37  3:43  SCV  
  38  3:50  Marine x2, SCV  
  38  3:51  Cyclone  
  38  3:55  SCV  
  46  4:02  Supply Depot  
  46  4:11  Engineering Bay  
  46  4:16  Marine x2, SCV x2  
  50  4:17  Bunker  
  50  4:20  Orbital Command  
  50  4:23  Barracks x2  
  50  4:31  SCV x2  
  50  4:37  Marine x2  
  50  4:38  Siege Tank  
  57  4:42  Terran Infantry Weapons Level 1  
  57  4:44  SCV x2  
  59  4:54  SCV  
  59  4:56  SCV  
  61  5:00  SCV  
  61  5:06  SCV  
  62  5:08  SCV, Orbital Command  
  62  5:12  Barracks Tech Lab  
  62  5:13  Supply Depot, Barracks Tech Lab  
  63  5:16  Starport  
  63  5:22  Refinery x2  
  63  5:23  Supply Depot  
  63  5:25  Factory Reactor  
  63  5:26  SCV x2  
  65  5:31  Marine x2  
  65  5:32  Combat Shields, Stimpack, Marauder  
  65  5:35  Marauder  
  71  5:36  Supply Depot  
  71  5:40  SCV x3  
  74  5:49  Missile Turret  
  74  5:52  SCV x2  
  74  5:53  Marine  
  74  5:54  Marine, Marauder  
  74  5:56  Marauder  
  83  5:59  Barracks  
  83  6:01  Barracks  
  82  6:12  Orbital Command  
  78  6:23  Supply Depot  
  77  6:29  Marine x2  
  77  6:30  Medivac x2, Marauder x2  
  77  6:32  SCV x2  
  89  6:38  SCV, Factory Reactor  
  89  6:39  Terran Infantry Armor Level 1  
  90  6:44  SCV x2  
  92  6:47  Marine x2  
  92  6:48  Barracks Reactor, Supply Depot, Marauder  
  92  6:51  Supply Depot, Marauder x2  
  92  6:53  SCV  
  101  7:01  Supply Depot  
  101  7:02  Medivac x2  
  101  7:03  SCV x2  
  101  7:06  Marine x2  
  109  7:09  SCV  
  109  7:14  Supply Depot  
  109  7:15  SCV x2  
  111  7:16  Engineering Bay  
  111  7:18  Armory  
  111  7:19  Supply Depot  
  111  7:27  Marauder  
  111  7:28  Marauder x2  
  116  7:32  Marine x4  
  120  7:40  SCV x2  
  120  7:41  SCV  
  123  7:45  Supply Depot, Widow Mine  
  123  7:46  Widow Mine  
  123  7:48  Medivac x2  
  131  7:55  Supply Depot  
  131  7:57  Marauder x3  
  137  8:00  Marine x2  
  137  8:01  Marine x2  
  141  8:12  Supply Depot  
  141  8:14  Widow Mine x2  
  141  8:17  Ghost Academy  
Show
View Real Time Build Order
Export as new Build Order

dabs Protoss 

Build Orders: 1 Gate Expand, Blink Stalkers 

Get SALT Encoding   

  12  0:00  Probe (Chrono Boost)  
  13  0:11  Probe (Chrono Boost)  
  14  0:17  Pylon  
  14  0:22  Probe (Chrono Boost)  
  16  0:35  Probe (Chrono Boost)  
  16  0:37  Gateway  
  16  0:46  Probe (Chrono Boost)  
  17  0:50  Assimilator  
  17  0:56  Probe (Chrono Boost)  
  18  1:07  Probe (Chrono Boost)  
  19  1:21  Nexus  
  19  1:35  Cybernetics Core  
  19  1:39  Assimilator  
  19  1:47  Probe (Chrono Boost)  
  20  1:55  Pylon  
  20  1:58  Probe (Chrono Boost)  
  21  2:08  Probe (Chrono Boost)  
  21  2:11  Adept  
  23  2:16  Warp Gate  
  23  2:19  Mothership Core (Chrono Boost)  
  25  2:32  Robotics Facility  
  25  2:34  Probe (Chrono Boost)  
  26  2:41  Probe (Chrono Boost)  
  27  2:45  Probe (Chrono Boost)  
  28  2:52  Probe (Chrono Boost)  
  28  2:56  Twilight Council  
  29  2:59  Probe (Chrono Boost)  
  29  3:03  Probe (Chrono Boost)  
  31  3:10  Probe (Chrono Boost)  
  32  3:14  Probe (Chrono Boost)  
  33  3:20  Probe (Chrono Boost)  
  33  3:21  Observer  
  33  3:24  Probe (Chrono Boost)  
  36  3:29  Gateway  
  36  3:31  Probe (Chrono Boost)  
  36  3:33  Gateway  
  36  3:45  Blink  
  36  3:57  Probe (Chrono Boost)  
  36  4:00  Probe (Chrono Boost)  
  38  4:05  Pylon  
  39  4:10  Probe x2 (Chrono Boost)  
  39  4:12  Observer  
  41  4:19  Nexus  
  41  4:20  Pylon  
  41  4:26  Probe (Chrono Boost)  
  41  4:29  Probe (Chrono Boost)  
  43  4:36  Stalker  
  43  4:37  Stalker x2  
  50  4:38  Probe (Chrono Boost)  
  50  4:40  Probe (Chrono Boost)  
  51  4:49  Warp Prism  
  51  4:50  Probe x2 (Chrono Boost)  
  54  5:05  Pylon  
  54  5:06  Pylon  
  54  5:09  Pylon  
  54  5:14  Assimilator  
  54  5:16  Pylon  
  54  5:17  Assimilator  
  54  5:24  Probe (Chrono Boost), Stalker x3  
  54  5:26  Probe (Chrono Boost)  
  63  5:35  Nexus  
  63  5:36  Probe (Chrono Boost)  
  63  5:37  Probe (Chrono Boost)  
  64  5:46  Pylon x2  
  64  5:49  Probe x2 (Chrono Boost)  
  66  6:00  Stalker  
  66  6:01  Stalker x2  
  72  6:07  Probe (Chrono Boost)  
  72  6:08  Probe (Chrono Boost)  
  63  6:27  Probe (Chrono Boost), Stalker x3  
  69  6:37  Gateway  
  69  6:38  Gateway  
  69  6:39  Probe (Chrono Boost)  
  71  6:40  Probe (Chrono Boost), Gateway  
  71  6:41  Gateway  
  71  6:46  Gateway  
  71  6:51  Forge  
  71  6:52  Templar Archives  
  71  6:54  Probe (Chrono Boost)  
  73  6:55  Probe (Chrono Boost)  
  73  6:58  Probe (Chrono Boost)  
  74  7:04  Probe (Chrono Boost)  
  74  7:07  Probe (Chrono Boost)  
  76  7:11  Sentry x3  
  76  7:14  Probe (Chrono Boost)  
  76  7:15  Probe (Chrono Boost)  
  84  7:19  Probe (Chrono Boost)  
  84  7:22  Psionic Storm  
  83  7:25  Probe x2 (Chrono Boost)  
  86  7:31  Probe (Chrono Boost)  
  86  7:35  Probe (Chrono Boost)  
  86  7:41  Probe (Chrono Boost)  
  86  7:43  Probe (Chrono Boost)  
  88  7:46  Probe (Chrono Boost)  
  88  7:50  Assimilator  
  89  7:53  Probe (Chrono Boost), High Templar x2, Assimilator  
  89  7:54  Nexus  
  93  8:01  Adept x2  
  93  8:02  Zealot x4  
  106  8:07  Probe x2 (Chrono Boost)  
  106  8:09  Probe (Chrono Boost)  
  108  8:19  Probe x2 (Chrono Boost)  
  111  8:20  Probe (Chrono Boost)  
  111  8:31  Probe (Chrono Boost)  
  111  8:35  Adept  
  111  8:36  Adept x2  
Tags
 
Add a new tag
Caveats
  • Supply blocks, unpowered buildings, or Contaminate may cause inaccurate times.
  • Supply counts are checked every 10 seconds.